 Dungeon Crawl Stone Soup version 0.17.2 (webtiles) character file.

112 Goblin1989 the Chopper (level 4, -4/52 HPs)
             Began as a Demonspawn Berserker on July 9, 2016.
             Was a Believer of Trog.
             Killed from afar by Ijyb (15 damage)
             ... with a wand of draining
             ... on level 3 of the Dungeon.
             The game lasted 00:05:10 (2693 turns).

Goblin1989 the Chopper (Demonspawn Berserker)       Turns: 2693, Time: 00:05:10

Health: -4/52      AC: 14    Str: 26    XL:     4   Next: 64%
Magic:  4/4        EV:  8    Int:  8    God:    Trog [**....]
Gold:   97         SH:  0    Dex: 12    Spells: 0 memorised, 3 levels left

rFire  . . .     SeeInvis .     a - +0 hand axe
rCold  . . .     Clarity  .     j - +0 chain mail
rNeg   . . .     SustAt   .     (no shield)
rPois  .         Gourm    .     (helmet restricted)
rElec  .         Spirit   .     (no cloak)
rCorr  .         Warding  .     n - +1 pair of gloves {Str+3}
rMut   +         Stasis   .     (no boots)
MR     .....                    r - amulet of resist mutation
Stlth  ..........               (no ring)
                                (no ring)

@: berserking, heavily drained, very quick, not resistant to hostile
enchantments, extremely unstealthy
A: antennae 1, rough black scales 1
a: Berserk, Trog's Hand, Burn Spellbooks, Renounce Religion


You were on level 3 of the Dungeon.
You worshipped Trog.
Trog was pleased with you.
You were very hungry.

You visited 1 branch of the dungeon, and saw 3 of its levels.

You collected 97 gold pieces.

Inventory:

Hand Weapons
 a - a +0 hand axe (weapon)
Armour
 j - a +0 chain mail (worn)
 n - a +1 pair of gloves of strength (worn)
Jewellery
 r - an amulet of resist mutation (around neck)
Scrolls
 d - a scroll of teleportation
Potions
 g - 2 potions of heal wounds
 h - a potion of resistance {unknown}
 k - a potion of brilliance
 p - a potion of haste
 q - a potion of magic
Comestibles
 c - 3 bread rations
 f - 2 meat rations


   Skills:
 - Level 3.0(1.5) Fighting
 * Level 4.8(3.3) Axes
 + Level 2.0(0.5) Armour
 - Level 1.7(0.3) Dodging


You had 3 spell levels left.
You didn't know any spells.

Dungeon Overview and Level Annotations

Branches:
Dungeon (3/15)

Altars:

Annotations:
D:3 Ijyb


Innate Abilities, Weirdness & Mutations

You have a pair of small antennae on your head.
You are partially covered in rough black scales (AC +4, Dex -1).


Message History

You are too injured to fight recklessly!
You are too injured to fight recklessly!
You are too injured to fight recklessly!
You are too injured to fight recklessly!
You are too injured to fight recklessly!
You are too injured to fight recklessly!
You are too injured to fight recklessly!
You are too injured to fight recklessly!
You are too injured to fight recklessly!
You are too injured to fight recklessly!
You are too injured to fight recklessly!
You are too injured to fight recklessly!
A red film seems to cover your vision as you go berserk!
You feel yourself moving faster!
You feel mighty!
You are feeling very hungry.
You now have 11/52 hp.
You barely miss Ijyb.
Ijyb zaps a wand.
The bolt of negative energy misses you.
You slash Ijyb!
Ijyb zaps a wand.
The bolt of negative energy hits you!
You feel drained.
You die...

#. ##### #.#
.... .. ....
.. ..## #. ...
# #. #.# ...
#.####.##...##
#.<...@g.....#
######.##...##
#.# ## #.# ..#
###


You could see Ijyb.

Vanquished Creatures
  6 adders (D:2)
  An ooze (D:1)
  2 worms (D:2)
  5 giant geckos
  3 ball pythons
  3 giant cockroaches (D:2)
  7 goblins
  5 hobgoblins
  A quokka (D:2)
  A bat (D:1)
  A giant newt (D:2)
  4 jackals (D:2)
  6 kobolds
  2 rats
47 creatures vanquished.

Notes
Turn   | Place    | Note
--------------------------------------------------------------
     0 | D:1      | Goblin1989 the Demonspawn Berserker began the quest for the Orb.
     0 | D:1      | Reached XP level 1. HP: 18/18 MP: 1/1
     6 | D:1      | Noticed a fire drake
     6 | D:1      | Noticed a black bear
     7 | D:1      | Noticed a water moccasin
   154 | D:1      | Gained mutation: You have a pair of small antennae on your head. [demonic ancestry]
   154 | D:1      | Reached XP level 2. HP: 20/24 MP: 2/2
   873 | D:1      | Noticed a swamp worm
   952 | D:2      | Gained mutation: You are partially covered in rough black scales (AC +4, Dex -1). [demonic ancestry]
   952 | D:2      | Reached XP level 3. HP: 20/29 MP: 3/3
  1307 | D:2      | Reached skill level 4 in Axes
  1377 | D:2      | Reached ** piety under Trog
  1645 | D:2      | Reached XP level 4. HP: 24/35 MP: 4/4
  2682 | D:3      | Noticed Ijyb
  2693 | D:3      | Killed from afar by Ijyb

Action                   |  1- 3 |  4- 6 || total
-------------------------+-------+-------++-------
Melee: Hand axe          |   129 |    79 ||   208
Invok: Berserk           |     1 |     1 ||     2
  Use: Scroll            |       |     8 ||     8
  Eat: Chunk             |     3 |     3 ||     6
